 Dungeon Crawl Stone Soup version 0.30.0-29-ga12c61a403 (webtiles) character file.

Game seed: 13734594481366297011

166 qw the Chopper (level 5, -1/32 HPs)
             Began as a Gargoyle Fighter on June 5, 2023.
             Slain by a gnoll sergeant
             ... wielding a +0 spear
              (4 damage)
             ... on level 3 of the Dungeon.
             The game lasted 00:01:10 (2105 turns).

qw the Chopper (Gargoyle Fighter)                   Turns: 2105, Time: 00:01:11

Health: -1/32      AC: 16    Str: 22    XL:     5   Next: 47%
Magic:  5/5        EV:  9    Int:  8    God:
Gold:   119        SH:  4    Dex:  9    Spells: 4/4 levels left

rFire   . . .        Y - +0 war axe
rCold   + . .        c - +0 buckler
rNeg    + . .        b - +0 scale mail
rPois   inf          i - +0 helmet {SInv}
rElec   +            (no cloak)
rCorr   .            (no gloves)
SInv    +            (no boots)
Will    .....        (no amulet) Stlth
                     g - ring of protection from cold
HPRegen 0.25/turn    l - +4 ring of protection
MPRegen 0.09/turn

%: no passive effects
@: no status effects
A: sickness immunity, AC +4, negative energy resistance 1, electricity
resistance, torment resistance 1, petrification resistance
a: no special abilities


You were on level 3 of the Dungeon.
You visited 1 branch of the dungeon, and saw 3 of its levels.

You collected 119 gold pieces.


Innate Abilities, Weirdness & Mutations

You are immune to sickness and miasma.
Your stone body is resilient. (AC +4)
You are immune to poison.
You resist negative energy. (rN+)
You are resistant to electric shocks. (rElec)
You are resistant to unholy torment.
You are immune to petrification.


   Skills:
 + Level 3.2 Fighting
 - Level 5.0 Axes
 - Level 3.2 Armour
 - Level 3.2 Shields


You had 4 spell levels left.
You didn't know any spells.
Your spell library was empty.

Inventory:

Hand Weapons
 e - a +0 whip
 Y - a +0 war axe (weapon)
Missiles
 f - 3 boomerangs (quivered)
Armour
 b - a +0 scale mail (worn)
 c - a +0 buckler (worn)
 i - a +0 helmet of see invisible (worn)
Jewellery
 a - a ring of ice
 g - a ring of protection from cold (left hand)
 l - a +4 ring of protection (right hand)
Scrolls
 m - a scroll of teleportation {unknown}
Potions
 d - a potion of might
 h - a potion of cancellation {unknown}
 j - a potion of mutation {unknown}
 k - a potion of lignification {unknown}

Dungeon Overview and Level Annotations

Branches:
Dungeon (3/15)

Altars:
Zin


Message History

The gnoll sergeant is lightly wounded.
You hit the gnoll but do no damage. You block the gnoll's attack.
You block the gnoll sergeant's attack.
You hit the gnoll sergeant but do no damage.
The gnoll sergeant is lightly wounded.
You slash the gnoll! The gnoll hits you but does no damage.
You block the gnoll sergeant's attack.
You barely miss the gnoll.
The gnoll is severely wounded.
You hit the gnoll sergeant but do no damage.
You block the gnoll's attack. The gnoll sergeant closely misses you.
The gnoll hits you with a +0 whip.
The gnoll sergeant hits you but does no damage.
You slash the gnoll!
You kill the gnoll!
You closely miss the gnoll sergeant.
The gnoll sergeant hits you with a +0 spear.
Your Axes skill increases to level 5!
You barely miss the gnoll sergeant.
The gnoll sergeant is lightly wounded.
You slash the dart slug! The gnoll sergeant closely misses you.
The dart slug launches a dart at you. The slug dart hits you.
You hit the dart slug.
The dart slug is almost dead.
You hit the gnoll sergeant. You block the gnoll sergeant's attack.
The dart slug barely misses you.
The gnoll sergeant hits you but does no damage.
You hit the dart slug but do no damage.
The dart slug is almost dead.
You completely miss the gnoll sergeant.
The gnoll sergeant hits you with a +0 spear.
The dart slug launches a dart at you. The slug dart misses you.
You slash the dart slug!
You kill the dart slug!
You slash the gnoll sergeant!
The gnoll sergeant hits you with a +0 spear.
You die...

#####.#.# #..####.###.#
........#.## ##..##...# #.#
......#.#...## #...#....# #.#
.#####..# ....# #...#....###.#
.# #..# .... ##........##..# .#
#..# #..##....#######..# .#
#..# #...#....# ###...#
.#####..#..##..)#....####.....#
........#......g@.............#
........###########%###########
...###............).#
.#.##........#####)##
##+##..####..# #)# # #.#.###..#
#.# # #.##.##..# #.# #
###..##.######.# #..##........#


You could see a gnoll sergeant.

Vanquished Creatures
  Natasha (twice) (D:2)
  2 gnolls (D:3)
  3 adders
  2 worms (D:3)
  4 dart slugs
  An orc (D:3)
  5 ball pythons
  7 bats
  An endoplasm (D:1)
  2 giant cockroaches
  5 goblins
  4 hobgoblins
  4 jackals (D:3)
  4 kobolds
  2 quokkas
  6 frilled lizards
  4 rats
58 creatures vanquished.

Notes
Turn   | Place    | Note
-------+----------+-------------------------------------------
     0 | D:1      | qw the Gargoyle Fighter began the quest for the Orb.
     0 | D:1      | Reached XP level 1. HP: 14/14 MP: 1/1
     0 | D:1      | 0 ||| qw: Version: 0.2-a-108-gee2c290
     0 | D:1      | 0 ||| qw: Game counter: 1463
     0 | D:1      | 0 ||| qw: Always use a shield: true
     0 | D:1      | 0 ||| qw: God list: Okawaru
     0 | D:1      | 0 ||| qw: Allow faded altars: false
     0 | D:1      | 0 ||| qw: Do Orc after D:15 true
     0 | D:1      | 0 ||| qw: Do second Lair branch before Depths: true
     0 | D:1      | 0 ||| qw: Lair rune preference: random
     0 | D:1      | 0 ||| qw: Plans: Normal, Zot:1-4, Slime:5, God:TSO, Crypt,
                  | Tomb, Abyss, Pan, Hells, Win
     0 | D:1      | 0 ||| PLANNING D:1-11
    70 | D:1      | Reached skill level 2 in Axes
   209 | D:1      | 209 ||| Stepping ~*~*~tactically~*~*~ (stealth).
   213 | D:1      | Reached XP level 2. HP: 19/19 MP: 2/2
   733 | D:1      | Reached skill level 3 in Axes
   753 | D:1      | Reached XP level 3. HP: 21/23 MP: 3/3
  1079 | D:1      | 1079 ||| READING scroll labelled CIYCSU DIXAMN.
  1133 | D:2      | Found a glowing silver altar of Zin.
  1265 | D:2      | 1265 ||| Stepping ~*~*~tactically~*~*~ (hiding).
  1267 | D:2      | 1267 ||| Stepping ~*~*~tactically~*~*~ (hiding).
  1268 | D:2      | 1268 ||| Stepping ~*~*~tactically~*~*~ (hiding).
  1269 | D:2      | 1269 ||| Stepping ~*~*~tactically~*~*~ (hiding).
  1516 | D:2      | Noticed Natasha
  1517 | D:2      | 1517 ||| Stepping ~*~*~tactically~*~*~ (hiding).
  1526 | D:2      | Killed Natasha
  1527 | D:2      | Reached skill level 4 in Axes
  1527 | D:2      | Reached XP level 4. HP: 17/28 MP: 4/4
  1620 | D:2      | Noticed Natasha
  1621 | D:2      | 1621 ||| Stepping ~*~*~tactically~*~*~ (stealth).
  1622 | D:2      | 1622 ||| Stepping ~*~*~tactically~*~*~ (stealth).
  1630 | D:2      | 1630 ||| Stepping ~*~*~tactically~*~*~ (hiding).
  1632 | D:2      | 1632 ||| Stepping ~*~*~tactically~*~*~ (hiding).
  1639 | D:2      | Killed Natasha
  1700 | D:2      | Reached XP level 5. HP: 29/32 MP: 5/5
  1726 | D:2      | 1726 ||| UPGRADING to +0 helmet of see invisible.
  1731 | D:2      | 1731 ||| UPGRADING to ring of protection from cold.
  1732 | D:2      | 1732 ||| UPGRADING to +4 ring of protection.
  1733 | D:2      | 1733 ||| READING scroll labelled NURIDD ITYFANI.
  1734 | D:2      | 1734 ||| READING scroll labelled DUN ZIFY ZUOLA.
  1735 | D:2      | 1735 ||| READING scroll labelled DUSETR ONTIKU.
  1875 | D:3      | Found the +7 great mace "Firestarter" {flame, immolate,
                  | rFlCloud rF++}
  1972 | D:3      | 1972 ||| Stepping ~*~*~tactically~*~*~ (stealth).
  2079 | D:3      | 2079 ||| Stepping ~*~*~tactically~*~*~ (hiding).
  2086 | D:3      | 2086 ||| Stepping ~*~*~tactically~*~*~ (stealth).
  2102 | D:3      | Reached skill level 5 in Axes
  2102 | D:3      | HP: 8/32 [dart slug/slug dart (2)]
  2104 | D:3      | HP: 3/32 [gnoll sergeant/+0 spear (6)]
  2105 | D:3      | Slain by a gnoll sergeant

Levels and vault maps discovered:
D:1:      erik_arrival_triangle_medium, layout_basic
D:2:      layout_basic, basic_altar, uniq_natasha
D:3:      minmay_recursive_quarters, layout_loops_ring,
          mainiacjoe_overflow_concentric_impassable, minmay_goblin_kobold_house

Skill      XL: |  1  2  3  4  5 |
---------------+----------------+-----
Axes           | 2 3 4 5 |  5.0
Fighting       | |  3.2
Armour         | |  3.2
Shields        | |  3.2

Action                     |  1- 3 |  4- 6 || total
---------------------------+-------+-------++-------
  Melee: War axe           |   126 |    69 ||   195
  Throw: Boomerang         |    16 |    30 ||    46
    Use: Scroll            |     1 |     3 ||     4
 Armour: Scale mail        |    65 |    46 ||   111
  Dodge: Dodged            |    57 |    34 ||    91
  Block: Buckler           |    15 |    19 ||    34

Table legend:
 A = Non-vault XP
 B = Vault XP
 C = Vault XP percentage of total XP
 D = Non-vault monster count
 E = Vault monster count
 F = Vault count percentage of total count
                 A         B        C        D         E       F
            +---------+---------+-------+---------+---------+-------
      Total |     197 |      45 |  18.6 |      54 |       4 |   6.9
            +---------+---------+-------+---------+---------+-------
        D:1 |      38 |       0 |   0.0 |      21 |       0 |   0.0
        D:2 |      92 |      36 |  28.1 |      18 |       1 |   5.3
        D:3 |      67 |       9 |  11.8 |      15 |       3 |  16.7
            +---------+---------+-------+---------+---------+-------
